 Dungeon Crawl Stone Soup version 0.27.0-1-g7a089689b8 (webtiles) character file.

Game seed: 7639271504238028582

32 pkoi the Chopper (level 3, -3/30 HPs)
             Began as a Minotaur Gladiator on Aug 2, 2021.
             Killed from afar by Sigmund (4 damage)
             ... with a puff of flame
             ... on level 2 of the Dungeon.
             The game lasted 00:00:56 (1175 turns).

pkoi the Chopper (Minotaur Gladiator)               Turns: 1175, Time: 00:00:57

Health: -3/30      AC:  3    Str: 19    XL:     3   Next: 10%
Magic:  2/2        EV: 12    Int:  5    God:
Gold:   42         SH:  0    Dex: 11    Spells: 2/2 levels left

rFire    . . .     SeeInvis .   a - +0 war axe
rCold    . . .     Faith    .   (no shield)
rNeg     . . .     Spirit   .   b - +0 leather armour
rPois    .         Reflect  .   c - +0 hat
rElec    .         Harm     .   (no cloak)
rCorr    .         Rampage  .   (no gloves)
Will     .....                  (no boots)
Stlth    +.........             (no amulet)
HPRegen  0.10/turn              (no ring)
MPRegen  0.08/turn              (no ring)

@: no status effects
A: horns 2, retaliatory headbutt
a: no special abilities


You were on level 2 of the Dungeon.
You visited 1 branch of the dungeon, and saw 2 of its levels.

You collected 42 gold pieces.

Inventory:

Hand Weapons
 a - a +0 war axe (weapon)
Missiles
 d - 3 throwing nets (quivered)
Armour
 b - a +0 leather armour (worn)
 c - a +0 hat (worn)
Scrolls
 e - a scroll of noise {unknown}
 f - a scroll of brand weapon {unknown}
 g - a scroll of summoning {unknown}
 i - a scroll of identify {unknown}
Potions
 h - 2 potions of brilliance {unknown}


   Skills:
 - Level 2.4 Fighting
 + Level 5.2 Axes
 - Level 2.0 Throwing
 - Level 3.2 Dodging


You had 2 spell levels left.
You didn't know any spells.
Your spell library contained the following spells:

 Spells                   Type           Power      Damage    Failure   Level
 Ensorcelled Hibernation  Hex/Ice        0%         N/A       67%         2
 Frozen Ramparts          Ice            0%         1d2       88%         3
 Spider Form              Tmut/Pois      0%         N/A       88%         3
 Ice Form                 Ice/Tmut       0%         N/A       99%         4
 Summon Ice Beast         Ice/Summ       0%         N/A       99%         4
 Shadow Creatures         Summ           N/A        N/A       100%        6


Dungeon Overview and Level Annotations

Branches:
Dungeon (2/15)

Altars:

Annotations:
D:2 Sigmund


Innate Abilities, Weirdness & Mutations

You have a pair of horns on your head.
You reflexively headbutt those who attack you in melee.


Message History

The kobold barely misses you.
You completely miss the kobold.
The kobold is severely wounded.
The kobold barely misses you.
Unknown command.
Unknown command.
You hit the kobold but do no damage. Your headbutt misses the kobold.
The kobold is severely wounded.
The kobold barely misses you.
Sigmund hits you from afar with a +0 scythe.
The kobold hits you but does no damage. Sigmund barely misses you.
Unknown command.
You slash the kobold!
You kill the kobold!
Sigmund hits you from afar with a +0 scythe.
Unknown command.
Sigmund gestures wildly while chanting.
Sigmund flickers and vanishes!
Deactivating autopickup; reactivate with Ctrl-A.
A magic dart appears from out of thin air!
The magic dart hits you.
You are confused.
You can't go up here!
You can't go up here!
Found a stone staircase leading down.
You bump into the rock wall.
Something hits you.
You feel less confused. Something hits you. Something hits you.
Something hits you!
* * * LOW HITPOINT WARNING * * *
A magic dart appears from out of thin air!
The magic dart hits you.
* * * LOW HITPOINT WARNING * * *
There is a stone staircase leading up here.
You hear some strange, mumbled words.
A puff of flame appears from out of thin air!
The puff of flame hits you.
You die...

#.###.# ##### ....#.##
..... #>..... ......
#.#.#.# ....... #
#.#.#.##.......
#.#.#..............
#.#.#.#..............#
#......@..............
###.#.#..)[†..........
#..{..............
#######....###.......
.....................
...###...............
#...............
####............
+......#####.


There were no monsters in sight!

Vanquished Creatures
  2 dart slugs (D:1)
  3 endoplasms (D:1)
  2 giant cockroaches
  4 goblins
  2 hobgoblins (D:1)
  3 kobolds
  2 quokkas
  A ball python (D:2)
  4 frilled lizards (D:1)
  3 rats
26 creatures vanquished.

Notes
Turn   | Place    | Note
-------+----------+-------------------------------------------
     0 | D:1      | pkoi the Minotaur Gladiator began the quest for the Orb.
     0 | D:1      | Reached XP level 1. HP: 18/18 MP: 0/0
   157 | D:1      | Found a faded altar of an unknown god.
   385 | D:1      | Reached skill level 4 in Axes
   558 | D:1      | Reached XP level 2. HP: 25/25 MP: 1/1
   958 | D:1      | Reached skill level 5 in Axes
  1106 | D:2      | Reached XP level 3. HP: 27/30 MP: 2/2
  1147 | D:2      | Noticed Sigmund
  1174 | D:2      | HP: 1/30 [something/magic dart (3)]
  1175 | D:2      | Killed from afar by Sigmund

Illustrated notes

Levels and vault maps discovered:
D:1:      psy_arrival_basics, layout_basic, shapermc_ecumenical_altar_ellora
D:2:      layout_basic, uniq_sigmund

Skill      XL: |  1  2 |
---------------+-------+-----
Axes           | 4 5 |  5.2
Fighting       | |  2.4
Throwing       | |  2.0
Dodging        | |  3.2

Action                   || total
-------------------------++-------
Melee: War axe           ||    44
       Headbutt          ||     5
 Stab: Sleeping          ||     1
Armor: Leather armour    ||     6
Dodge: Dodged            ||    36
